 Dungeon Crawl Stone Soup version 0.27.0-1-g7a089689b8 (webtiles) character file.

Game seed: 10574868316857192814

858 bnorton916 the Magician (level 7, -6/36 HPs)
             Began as a Deep Elf Conjurer on Aug 17, 2021.
             Was a Follower of Ashenzari.
             Killed by vampiric draining
             ... invoked by a vampire
              (13 damage)
             ... on level 5 of the Dungeon.
             The game lasted 00:08:05 (5494 turns).

bnorton916 the Magician (Deep Elf Conjurer)         Turns: 5494, Time: 00:08:05

Health: -6/36      AC:  2    Str:  4    XL:     7   Next: 71%
Magic:  12/20      EV: 13    Int: 25    God:    Ashenzari [*.....]
Gold:   342        SH:  0    Dex: 13    Spells: 7/21 levels left

rFire    + . .     SeeInvis .   c - +2 war axe (vamp)
rCold    . . .     Faith    .   (no shield)
rNeg     . . .     Spirit   .   a - +0 robe of Ashenzari's Liberalism {Bglg, Evo} (curse)
rPois    .         Reflect  .   (no helmet)
rElec    .         Harm     .   (no cloak)
rCorr    .         Rampage  .   (no gloves)
Will     .....                  (no boots)
Stlth    ++........             (no amulet)
HPRegen  0.12/turn              f - ring "Sublime Urgency" {rF+, Cun, Self} (curse)
MPRegen  0.17/turn              (no ring)

@: no status effects
A: no striking features
a: Renounce Religion, Shatter the Chains


You were on level 5 of the Dungeon.
You worshipped Ashenzari.
Ashenzari was aware of your devotion.
You visited 1 branch of the dungeon, and saw 5 of its levels.

You collected 342 gold pieces.

Inventory:

Hand Weapons
 c - a +2 vampiric war axe (weapon)
 l - a +3 dagger
Missiles
 j - 52 stones
Armour
 a - the cursed +0 robe of Ashenzari's Liberalism (worn) {Bglg, Evo}

   It has a curse which improves the following skills: Beguiling: Conjurations,
   Hexes and Translocations.
   Evocations: Evocations.
 g - a +0 pair of gloves
Magical Staves
 e - a staff of earth
Jewellery
 f - the cursed ring "Sublime Urgency" (left hand) {rF+, Cun, Self}
   (You found it on level 2 of the Dungeon)

   [ring of protection from fire]

   rF:        It protects you from fire.
   It has a curse which improves the following skills: Cunning: Dodging and
   Stealth.
   Introspection: Fighting and Spellcasting.
 i - a +6 ring of strength
Scrolls
 b - 2 scrolls of teleportation
 k - 2 scrolls of vulnerability
Potions
 d - a potion of invisibility
 h - a potion of curing


   Skills:
 - Level 2.4(3.2) Dodging
 - Level 2.4(3.2) Stealth
 + Level 6.8(7.8) Spellcasting
 + Level 6.7(7.7) Conjurations
 + Level 3.6(4.5) Hexes
 + Level 3.0(3.9) Translocations
 + Level 2.9 Ice Magic
 - Level 2.4(3.2) Evocations


You had 7 spell levels left.
You knew the following spells:

 Your Spells              Type           Power      Damage    Failure   Level
a - Magic Dart            Conj           100%       1d8       1%          1
b - Searing Ray           Conj           96%        3d7       1%          2
c - Fulminant Prism       Conj/Hex       20%        3d13      4%          4
d - Iskenderun's Mystic   Conj/Tloc      38%        2d9       5%          4
e - Ozocubu's Armour      Ice            24%        N/A       5%          3

Your spell library contained the following spells:

 Spells                   Type           Power      Damage    Failure   Level
 Dazzling Flash           Conj/Hex       80%        N/A       1%          3
 Ozocubu's Refrigeration  Ice            12%        4d7       100%        7


Dungeon Overview and Level Annotations

Branches:
Dungeon (5/15)
 Temple: D:4-7

Altars:
Ashenzari

Annotations:
D:4 2 transporters, Spectrina's ghost, novice DjNe


Message History

Press: ? - help, Shift-Dir - straight line, f - vampire
Aim: a vampire (100% to hit)
The magic dart hits the vampire.
The vampire is lightly damaged.
Casting: Magic Dart (safe; 1% risk of failure)
Confirm with . or Enter, or press ? or * to list all spells.
Aiming: Searing Ray (safe; 1% risk of failure)
Press: ? - help, Shift-Dir - straight line, f/p - vampire
Aim: a vampire (lightly damaged, 83% to hit)
The searing ray misses the vampire. (Press . to maintain the ray.) Unknown command.
The searing ray misses the vampire.
The searing ray hits the vampire.
The vampire is lightly damaged.
The searing ray hits the vampire.
The vampire is moderately damaged.
You finish channeling your searing ray.
The vampire hits you but does no damage.
The vampire closely misses you.
Unknown command.
Casting: Searing Ray (safe; 1% risk of failure)
Confirm with . or Enter, or press ? or * to list all spells.
Aiming: Searing Ray (safe; 1% risk of failure)
Press: ? - help, Shift-Dir - straight line, f/p - vampire
Aim: a vampire (moderately damaged, 83% to hit)
The searing ray hits the vampire!
The vampire is severely damaged. (Press . to maintain the ray.)
The vampire barely misses you. The vampire bites you!
The vampire draws strength from your injuries!
The searing ray hits the vampire!
The vampire is severely damaged.
The vampire hits you. The vampire bites you!
* * * LOW HITPOINT WARNING * * *
The vampire draws strength from your injuries!
The searing ray hits the vampire.
The vampire is severely damaged.
The vampire draws life force from you!
You die...

..#.......###.#
..#.......###.#### ###
.>............>.. ..#
..#.......###.#.# #.[#
. #.#.......###.#.##.
..# .#
<..................
..##.##
######........#.##
.......
..............####...#
#####.........@V.....#
#........#####.#.#
#........# .#
..........# .#
...........# .#
...........# .#
.........)# ..
...####### ##


You could see a vampire.

Vanquished Creatures
  A black bear (D:4)
  An ice beast (D:5)
  2 ogres
  5 wights (D:4)
  A howler monkey (D:5)
  A hound (D:3)
  A jelly (D:4)
  A centaur skeleton (D:4)
  2 orc wizards (D:4)
  4 adders
  An ufetubus (D:3)
  A worm (D:2)
  A dart slug (D:5)
  6 orcs
  12 endoplasms
  3 giant cockroaches
  3 goblins (D:2)
  5 hobgoblins
  6 jackals (D:4)
  6 quokkas
  6 ball pythons
  6 bats
  3 frilled lizards
  6 kobolds
  4 rats
88 creatures vanquished.

Vanquished Creatures (others)
  4 plants (D:3)
4 creatures vanquished.

Grand Total: 92 creatures vanquished

Notes
Turn   | Place    | Note
-------+----------+-------------------------------------------
     0 | D:1      | bnorton916 the Deep Elf Conjurer began the quest for the
                  | Orb.
     0 | D:1      | Reached XP level 1. HP: 10/10 MP: 6/6
   334 | D:1      | Reached XP level 2. HP: 15/15 MP: 5/8
  1150 | D:2      | Found a broken altar of Ashenzari.
  1163 | D:2      | Became a worshipper of Ashenzari the Shackled
  1244 | D:2      | Reached skill level 5 in Conjurations
  1244 | D:2      | Reached XP level 3. HP: 18/19 MP: 3/10
  1560 | D:2      | Found a faded altar of an unknown god.
  2300 | D:3      | Learned a level 2 spell: Searing Ray
  2485 | D:3      | Reached XP level 4. HP: 24/24 MP: 5/12
  3089 | D:4      | Reached skill level 1 in Evocations
  3093 | D:4      | Noticed a black bear
  3276 | D:4      | Killed a black bear
  3277 | D:4      | Reached skill level 5 in Spellcasting
  3277 | D:4      | Reached XP level 5. HP: 6/28 MP: 5/14
  3645 | D:4      | Learned a level 4 spell: Fulminant Prism
  3650 | D:4      | Learned a level 4 spell: Iskenderun's Mystic Blast
  3654 | D:4      | Learned a level 3 spell: Ozocubu's Armour
  3695 | D:4      | Reached skill level 1 in Hexes
  3695 | D:4      | Reached XP level 6. HP: 30/32 MP: 7/16
  3699 | D:4      | Reached skill level 1 in Translocations
  3808 | D:4      | Reached skill level 1 in Ice Magic
  4214 | D:4      | Found a transporter.
  4218 | D:4      | Noticed Spectrina's ghost (novice DjNe)
  4234 | D:4      | Found a transporter.
  4311 | D:4      | Reached XP level 7. HP: 36/36 MP: 1/18
  5067 | D:4      | Reached * piety under Ashenzari
  5103 | D:5      | Entered Level 5 of the Dungeon
  5483 | D:5      | Noticed a vampire
  5494 | D:5      | Killed from afar by a vampire

Illustrated notes

Levels and vault maps discovered:
D:1:      minmay_arrival_hallway, layout_loops_corners, minmay_pentomino_u2
D:2:      layout_loops_ring, chequers_ecumenical_altar_island, basic_altar
D:3:      layout_rooms, serial_bayou, serial_bayou_lagoon_b,
          serial_bayou_pond_a, serial_bayou_pond_c, serial_bayou_ford_a
D:4:      layout_basic, gammafunk_ghost_stat_death, st_stairs_9,
          minmay_tree_intersection
D:5:      black_bear_nest_1, layout_basic, grunt_gozag_statues,
          nemelex_dance_club_becter, temple_doors_e

Skill      XL: |  1  2  3  4  5  6  7 |
---------------+----------------------+-----
Spellcasting   | 4 5 6 |  6.8
Conjurations   | 5 6 |  6.7
Evocations     | 2 |  2.4
Hexes          | 1 2 3 |  3.6
Translocations | 2 3 |  3.0
Ice Magic      | 2 |  2.9
Dodging        | |  2.4
Stealth        | |  2.4

Action                   |  1- 3 |  4- 6 |  7- 9 || total
-------------------------+-------+-------+-------++-------
Melee: War axe           |       |     3 |       ||     3
 Cast: Magic Dart        |    92 |    62 |    21 ||   175
       Searing Ray       |     1 |    13 |     5 ||    19
Invok: Curse Item        |     1 |       |     1 ||     2
Armor: Robe              |     3 |     8 |     1 ||    12
Dodge: Dodged            |     8 |    17 |     2 ||    27
